 Dungeon Crawl Stone Soup version 0.21.1-1-g345015fe64 (webtiles) character file.

1612 ibnkola the Conjurer (level 8, -1/59 HPs)
             Began as a Gnoll Conjurer on July 18, 2018.
             Was an Initiate of Sif Muna.
             Killed from afar by an orc wizard (8 damage)
             ... with a puff of flame
             ... on level 6 of the Dungeon on July 21, 2018.
             The game lasted 00:32:42 (9481 turns).

ibnkola the Conjurer (Gnoll Conjurer)               Turns: 9481, Time: 00:32:44

Health: -1/59      AC:  3    Str: 12    XL:     8   Next: 95%
Magic:  0/17       EV: 16    Int: 18    God:    Sif Muna [......]
Gold:   327        SH:  2    Dex: 16    Spells: 3/19 levels left

rFire    . . .     SeeInvis .   d - +0 short sword
rCold    . . .     Gourm    .   (no shield)
rNeg     . . .     Faith    .   a - +1 robe
rPois    .         Spirit   .   (no helmet)
rElec    .         Reflect  +   (no cloak)
rCorr    .         Harm     .   (no gloves)
MR       .....                  (no boots)
Stlth    +++.......             p - +2 amulet of reflection
HPRegen  0.19/turn              (no ring)
MPRegen  0.15/turn              (no ring)

@: about to teleport
A: distributed training, fangs 1, strong nose
a: Renounce Religion


You were on level 6 of the Dungeon.
You worshipped Sif Muna.
Sif Muna was noncommittal.
You were not hungry.

You visited 2 branches of the dungeon, and saw 7 of its levels.

You collected 327 gold pieces.

Inventory:

Hand Weapons
 d - a +0 short sword (weapon)
Armour
 a - a +1 robe (worn)
 h - a +0 ring mail
 m - a +0 leather armour
Jewellery
 p - a +2 amulet of reflection (around neck)
Wands
 k - a wand of polymorph (18)
 o - a wand of digging (5)
 s - a wand of random effects (21)
Scrolls
 l - a scroll of teleportation
 n - a scroll of immolation
 r - 2 scrolls of remove curse
 t - a scroll of blinking
Potions
 e - 3 potions of heal wounds
 f - 2 potions of invisibility
 g - a potion of magic
 i - 2 potions of agility
 j - 2 potions of resistance {unknown}
 q - 2 potions of mutation {unknown}
Books
 b - a book of Conjurations

   Spells                             Type                      Level
   a - Magic Dart                     Conjuration                  1
   b - Searing Ray                    Conjuration                  2
   c - Dazzling Spray                 Conjuration/Hexes            3
   d - Fulminant Prism                Conjuration/Hexes            4
   e - Force Lance                    Conjuration/Translocation    4
   f - Iskenderun's Mystic Blast      Conjuration                  4
 u - a book of Cantrips

   Spells                             Type                      Level
   a - Confusing Touch                Hexes                        1
   b - Animate Skeleton               Necromancy                   1
   c - Summon Small Mammal            Summoning                    1
   d - Apportation                    Translocation                1
Comestibles
 c - 9 rations
 v - 9 chunks of flesh


   Skills:
 + Level 3.6 Fighting
 + Level 3.6 Short Blades
 + Level 3.6 Long Blades
 + Level 3.6 Axes
 + Level 3.6 Maces & Flails
 + Level 3.6 Polearms
 + Level 3.6 Staves
 + Level 3.6 Slings
 + Level 3.6 Bows
 + Level 3.6 Crossbows
 + Level 3.6 Throwing
 + Level 3.6 Armour
 + Level 5.9 Dodging
 + Level 5.6 Stealth
 + Level 3.6 Shields
 + Level 3.6 Unarmed Combat
 + Level 6.2 Spellcasting
 + Level 7.8 Conjurations
 + Level 3.0 Hexes
 + Level 3.0 Charms
 + Level 3.0 Summonings
 + Level 3.0 Necromancy
 + Level 3.0 Translocations
 + Level 3.0 Transmutations
 + Level 3.0 Fire Magic
 + Level 3.0 Ice Magic
 + Level 3.0 Air Magic
 + Level 3.0 Earth Magic
 + Level 3.0 Poison Magic
 + Level 4.0 Invocations
 + Level 3.6 Evocations


You had 3 spell levels left.
You knew the following spells:

 Your Spells              Type           Power        Failure   Level  Hunger
a - Magic Dart            Conj           ####         1%          1    None
b - Searing Ray           Conj           ####..       1%          2    None
c - Iskenderun's Mystic   Conj           ####....     4%          4    ####...
d - Dazzling Spray        Conj/Hex       ####..       3%          3    ##.....
e - Fulminant Prism       Conj/Hex       ####......   12%         4    ####...
f - Apportation           Tloc           ###...       3%          1    None
g - Animate Skeleton      Necr           N/A          3%          1    None


Dungeon Overview and Level Annotations

Branches:
Dungeon (6/15)             Temple (1/1) D:4

Altars:
Ashenzari
Cheibriados
Elyvilon
Gozag
Hepliaklqana
Nemelex Xobeh
Qazlal
Ru
Sif Muna
Uskayaw
Wu Jian
Xom
Yredelemnul
Zin


Innate Abilities, Weirdness & Mutations

Your experience applies equally to all skills.
You have very sharp teeth.
Your uncanny sense of smell can sniff out nearby items.


Message History

You hit the orc warrior but do no damage.
The orc warrior is heavily wounded.
The hound moves out of view.
The orc wizard closely misses you.
The orc warrior hits you with a long sword!
* * * LOW HITPOINT WARNING * * *
As you read the scroll of teleportation, it crumbles to dust.
You feel strangely unstable. The orc wizard hits you with a dagger.
* * * LOW HITPOINT WARNING * * *
Casting: Magic Dart
Confirm with . or Enter, or press ? or * to list all spells.
Aiming: Magic Dart
Press: ? - help, Shift-Dir - straight line, f/p - orc warrior
Aim: an orc warrior, wielding a long sword, wearing a chain mail and wearing a buckler (heavily wounded)
The magic dart hits the orc warrior.
The orc warrior is heavily wounded.
The orc warrior hits you with a long sword.
* * * LOW HITPOINT WARNING * * *
The orc wizard casts a spell at you. The puff of flame hits you!
You die...

#..........##<# #..
#....[.###.##.# ..
...##..## #.##.# ..
#$###.# #.##.. #. #>#
#.# #.##.# #∆ #h #.#
#.####....#
#.##.###.###.........#
#)).o......(.......#..
####o@...=....##.....#
#####.###.##.......
#.# #....#####. #.#
#....# . #........# ∆
#####....# ####.# #..


You could see an orc warrior, a hound and an orc wizard.

Vanquished Creatures
  A hornet (D:5)
  Grinder (D:5)
  A hippogriff (D:5)
  A phantom (D:4)
  A sky beast (D:5)
  An ogre (D:4)
  A centaur (D:5)
  A hound (D:2)
  A centaur skeleton (D:5)
  3 orc priests
  2 orc wizards (D:4)
  Jessica (D:3)
  Ijyb (D:3)
  Natasha (thrice) (D:4)
  2 worker ants
  An iguana (D:4)
  11 gnolls
  6 adders
  A howler monkey skeleton (D:4)
  A shadow imp (D:5)
  6 worms
  4 dart slugs
  3 leopard geckos
  10 orcs
  A ball python (D:3)
  6 giant cockroaches
  9 goblins
  10 hobgoblins
  3 jackals (D:4)
  3 quokkas
  8 bats
  5 frilled lizards
  6 kobolds
  A quokka skeleton (D:5)
  13 rats
129 creatures vanquished.

Vanquished Creatures (others)
  A goblin (D:3)
  A quokka (D:4)
  5 fulminant prisms
7 creatures vanquished.

Grand Total: 136 creatures vanquished

Notes
Turn   | Place    | Note
-------+----------+-------------------------------------------
     0 | D:1      | ibnkola the Gnoll Conjurer began the quest for the Orb.
     0 | D:1      | Reached XP level 1. HP: 13/13 MP: 6/6
   158 | D:1      | Reached XP level 2. HP: 13/19 MP: 5/7
   254 | D:1      | Learned a level 2 spell: Searing Ray
   896 | D:2      | Reached skill level 5 in Spellcasting
   896 | D:2      | Reached XP level 3. HP: 12/25 MP: 1/9
  1172 | D:2      | Reached skill level 1 in Invocations
  1182 | D:2      | Reached skill level 1 in Fighting
  1182 | D:2      | Reached skill level 1 in Short Blades
  1182 | D:2      | Reached skill level 1 in Long Blades
  1182 | D:2      | Reached skill level 1 in Axes
  1182 | D:2      | Reached skill level 1 in Maces & Flails
  1182 | D:2      | Reached skill level 1 in Polearms
  1182 | D:2      | Reached skill level 1 in Staves
  1182 | D:2      | Reached skill level 1 in Slings
  1182 | D:2      | Reached skill level 1 in Bows
  1182 | D:2      | Reached skill level 1 in Crossbows
  1182 | D:2      | Reached skill level 1 in Throwing
  1182 | D:2      | Reached skill level 1 in Armour
  1182 | D:2      | Reached skill level 1 in Shields
  1182 | D:2      | Reached skill level 1 in Unarmed Combat
  1182 | D:2      | Reached skill level 1 in Evocations
  1182 | D:2      | Reached XP level 4. HP: 28/32 MP: 1/11
  1392 | D:2      | Learned a level 4 spell: Iskenderun's Mystic Blast
  1396 | D:2      | Learned a level 3 spell: Dazzling Spray
  1576 | D:2      | Found a shattered altar of Ashenzari.
  2257 | D:2      | Reached skill level 1 in Hexes
  2257 | D:2      | Reached skill level 1 in Charms
  2257 | D:2      | Reached skill level 1 in Summonings
  2257 | D:2      | Reached skill level 1 in Necromancy
  2257 | D:2      | Reached skill level 1 in Translocations
  2257 | D:2      | Reached skill level 1 in Transmutations
  2257 | D:2      | Reached skill level 1 in Fire Magic
  2257 | D:2      | Reached skill level 1 in Ice Magic
  2257 | D:2      | Reached skill level 1 in Air Magic
  2257 | D:2      | Reached skill level 1 in Earth Magic
  2257 | D:2      | Reached skill level 1 in Poison Magic
  2776 | D:2      | Found a faded altar of an unknown god.
  2862 | D:2      | Reached XP level 5. HP: 30/37 MP: 4/12
  3071 | D:3      | Noticed Ijyb
  3085 | D:3      | Killed Ijyb
  3263 | D:3      | Learned a level 4 spell: Fulminant Prism
  3554 | D:3      | Reached XP level 6. HP: 18/44 MP: 0/13
  3558 | D:3      | HP: 2/44 [gnoll/spear (4)]
  4304 | D:3      | Noticed Jessica
  4316 | D:3      | Killed Jessica
  4785 | D:3      | Found an opulent altar of Gozag.
  4896 | D:4      | Noticed a phantom
  4909 | D:4      | Killed a phantom
  4909 | D:4      | Reached skill level 5 in Dodging
  5455 | D:4      | Found a staircase to the Ecumenical Temple.
  5463 | Temple   | Entered the Ecumenical Temple
  5609 | D:4      | Reached XP level 7. HP: 50/50 MP: 6/15
  6039 | D:4      | Found a white marble altar of Elyvilon.
  6366 | D:4      | Noticed Natasha
  6381 | D:4      | Killed Natasha
  6390 | D:4      | Noticed Natasha
  6401 | D:4      | Killed Natasha
  6646 | D:4      | Noticed Natasha
  6720 | D:4      | Killed Natasha
  7018 | D:5      | Entered Level 5 of the Dungeon
  7019 | D:5      | Noticed a hippogriff
  7036 | D:5      | Killed a hippogriff
  7036 | D:5      | Reached skill level 5 in Stealth
  7267 | D:5      | Noticed a hornet
  7280 | D:5      | Killed a hornet
  7280 | D:5      | Reached XP level 8. HP: 43/58 MP: 1/16
  8163 | D:5      | Noticed Grinder
  8201 | D:5      | Paralysed by Grinder for 2 turns
  8215 | D:5      | Paralysed by Grinder for 7 turns
  8244 | D:5      | Killed Grinder
  8503 | D:5      | Learned a level 1 spell: Apportation
  8505 | D:5      | Learned a level 1 spell: Animate Skeleton
  8521 | D:5      | Found a shimmering altar of Xom.
  8708 | D:5      | Found a deep blue altar of Sif Muna.
  8711 | D:5      | Became a worshipper of Sif Muna the Loreminder
  9427 | D:6      | Found an opulent altar of Gozag.
  9430 | D:6      | Noticed a hippogriff
  9481 | D:6      | Killed from afar by an orc wizard

Skill      XL: |  1  2  3  4  5  6  7  8 |
---------------+-------------------------+-----
Spellcasting   | 5 6 |  6.2
Invocations    | 1 2 3 4 |  4.0
Fighting       | 1 2 3 |  3.6
Short Blades   | 1 2 3 |  3.6
Long Blades    | 1 2 3 |  3.6
Axes           | 1 2 3 |  3.6
Maces & Flails | 1 2 3 |  3.6
Polearms       | 1 2 3 |  3.6
Staves         | 1 2 3 |  3.6
Slings         | 1 2 3 |  3.6
Bows           | 1 2 3 |  3.6
Crossbows      | 1 2 3 |  3.6
Throwing       | 1 2 3 |  3.6
Armour         | 1 2 3 |  3.6
Shields        | 1 2 3 |  3.6
Unarmed Combat | 1 2 3 |  3.6
Evocations     | 1 2 3 |  3.6
Hexes          | 1 2 3 |  3.0
Charms         | 1 2 3 |  3.0
Summonings     | 1 2 3 |  3.0
Necromancy     | 1 2 3 |  3.0
Translocations | 1 2 3 |  3.0
Transmutations | 1 2 3 |  3.0
Fire Magic     | 1 2 3 |  3.0
Ice Magic      | 1 2 3 |  3.0
Air Magic      | 1 2 3 |  3.0
Earth Magic    | 1 2 3 |  3.0
Poison Magic   | 1 2 3 |  3.0
Dodging        | 5 |  5.9
Stealth        | 5 |  5.6
Conjurations   | |  7.8

Action                   |  1- 3 |  4- 6 |  7- 9 || total
-------------------------+-------+-------+-------++-------
Melee: Short sword       |    16 |    97 |   105 ||   218
       Bite              |       |     9 |    15 ||    24
       Punch             |       |       |     2 ||     2
 Cast: Magic Dart        |    37 |    94 |    44 ||   175
       Iskenderun's Myst |       |    12 |    37 ||    49
       Searing Ray       |       |     6 |     4 ||    10
       Fulminant Prism   |       |     4 |     1 ||     5
       Dazzling Spray    |       |     1 |     8 ||     9
  Use: Scroll            |       |     9 |     4 ||    13
       Potion            |       |     1 |     1 ||     2
 Stab: Sleeping          |       |     2 |       ||     2
  Eat: Chunk             |       |    17 |     9 ||    26
       Ration            |       |       |     3 ||     3
Armor: Ring mail         |     2 |     1 |       ||     3
       Robe              |       |    10 |    17 ||    27
       Skin              |       |     8 |       ||     8
Dodge: Dodged            |    18 |   100 |    94 ||   212
Block: Other             |       |       |     4 ||     4
       Reflection        |       |       |     1 ||     1
